 Dungeon Crawl Stone Soup version 0.32-a0-859-gb0a091d592 (webtiles) character file.

Game seed: 2708058457960190565

65 testman the Ruffian (level 4, -4/33 HPs)
             Began as a Coglin Shapeshifter on Mar 28, 2024.
             Slain by an orc
             ... wielding a +0 trident
              (6 damage)
             ... on level 3 of the Dungeon.
             The game lasted 00:06:09 (2170 turns).

testman the Ruffian (Coglin Shapeshifter)           Turns: 2170, Time: 00:06:10

Health: -4/33      AC:  3    Str: 16    XL:     4   Next: 14%
Magic:  4/4        EV: 11    Int:  9    God:
Gold:   154        SH:  0    Dex: 14    Spells: 3/3 levels left

rFire   . .          .
                       - Unarmed
rCold   . . .        (no shield)
rNeg    . . .        m - +0 leather armour
rPois   .            (helmet currently unavailable)
rElec   .            (cloak currently unavailable)
rCorr   .            (gloves currently unavailable)
SInv    .            (boots currently unavailable)
Will    .....        (amulet unavailable)
Stlth   +            (ring unavailable)
HPRegen 0.25/turn    (ring unavailable)
MPRegen 0.09/turn    (no gizmo)

%: no passive effects
@: confused, beast-form, revved
A: beast (slay +1), off-hand wielding, slow wielding, warmup strikes, no
jewellery
a: Invent Gizmo, Begin Untransformation


You were on level 3 of the Dungeon.
You were a hulking beast.
You visited 1 branch of the dungeon, and saw 3 of its levels.

You collected 154 gold pieces.

Inventory:

Armour
 a - a +0 animal skin
 e - a +0 pair of gloves
 m - a +0 leather armour (worn)
Talismans
 c - a beast talisman (active)
 d - a flux talisman
Scrolls
 i - 4 scrolls of fog {unknown}
 j - 2 scrolls of enchant weapon {unknown}
 l - a scroll of blinking {unknown}
 n - a scroll of identify {unknown}
Potions
 b - a potion of lignification
 f - a potion of cancellation {unknown}
 g - a potion of heal wounds {unknown}
 h - a potion of ambrosia {unknown}
 k - a potion of resistance {unknown}
 o - a potion of curing {unknown}
 p - 2 potions of attraction {unknown}


   Skills:
 + Level 2.3 Fighting
 - Level 2.0 Dodging
 + Level 3.2 Unarmed Combat
 + Level 3.2 Shapeshifting


You had 3 spell levels left.
You didn't know any spells.
Your spell library was empty.

Dungeon Overview and Level Annotations

Branches:
Dungeon (3/15)

Altars:


Innate Abilities, Weirdness & Mutations

You are a hulking beast.
Your limbs bulge with bestial killing power. (Slay +1)
You can wield a second weapon in your off-hand.
It takes a long time for you to wield or remove held weapons.
Your first few attacks do less damage.
You cannot equip rings or amulets.


Message History

The orc attacks as it pursues you!
The orc hits you from afar with a +0 trident.
You feel less confused.
The orc shouts!
The orc throws a stone.
The stone hits you but does no damage.
The orc wizard attacks as it pursues you!
The orc wizard misses you.
An orc comes into view. It is wielding a +0 short sword.
You barely miss the orc wizard.
The orc wizard is lightly wounded.
The orc wizard barely misses you.
The orc hits you from afar with a +0 trident.
The orc shouts!
You hit the orc wizard. Your punch misses the orc wizard.
The orc wizard is moderately wounded.
The orc throws a stone.
The stone closely misses you. The orc wizard barely misses you.
The orc barely misses you.
You hit the orc wizard.
The orc wizard is heavily wounded.
The orc wizard hits you with a +0 club.
* * * LOW HITPOINT WARNING * * *
You hit the orc wizard but do no damage.
The orc wizard is heavily wounded.
The orc hits you from afar with a +0 trident.
* * * LOW HITPOINT WARNING * * *
The orc hits you but does no damage.
The orc hits you with a +1 dagger of speed.
* * * LOW HITPOINT WARNING * * *
The orc wizard hits you with a +0 club.
* * * LOW HITPOINT WARNING * * *
Unknown command.
You closely miss the orc wizard.
The orc wizard is heavily wounded.
The orc barely misses you. The orc completely misses you.
You hit the orc wizard.
The orc wizard is severely wounded.
The orc wizard points at you and mumbles some strange words.
You are confused.
The orc hits you from afar with a +0 trident.
You die...

#.##.#..###.########
##.##.#.## ##.#
#.####...#.#.# #.#
#..........#.#####.# #
######..>###....#.########
##.## #..#...........
.#######.# ###..#.#######.
.........### #..#.# #.
..###.).ooh# ##...### #.
.....##.o## ##....# #.
#.#### #o.# ####.# #. #.o#
##.#####. #..# #.#.....>
#..## ##.###### #...'
#........ .....##
######### .......


You could see an orc wizard and 4 orcs.

Vanquished Creatures
  2 adders (D:2)
  4 dart slugs
  6 bats
  3 endoplasms
  A giant cockroach (D:1)
  5 goblins
  2 hobgoblins (D:1)
  2 jackals (D:3)
  A kobold (D:3)
  4 quokkas
  6 rats
36 creatures vanquished.

Notes
Turn   | Place    | Note
-------+----------+-------------------------------------------
     0 | D:1      | testman the Coglin Shapeshifter began the quest for the
                  | Orb.
     0 | D:1      | Reached XP level 1. HP: 15/15 MP: 1/1
    45 | D:1      | Reached XP level 2. HP: 20/21 MP: 2/2
   220 | D:1      | Found a faded altar of an unknown god.
   486 | D:1      | Reached XP level 3. HP: 22/27 MP: 3/3
  1851 | D:3      | Reached XP level 4. HP: 29/33 MP: 4/4
  1976 | D:3      | Identified the +0 ring mail of the Lute {rElec rC- Will++
                  | SInv}
  2168 | D:3      | HP: 1/33 [orc wizard/+0 club (1)]
  2170 | D:3      | Slain by an orc

Illustrated notes

Levels and vault maps discovered:
D:1:      dpeg_arrival_arbitrary_c, layout_loops_ring,
          ebering_ecumenical_altar_box, st_stairs_13
D:2:      layout_basic
D:3:      layout_loops_ring, chequers_temple_overflow_minitemple

Skill      XL: |  1  2  3 |
---------------+----------+-----
Dodging        | 2 |  2.0
Unarmed Combat | 3 |  3.2
Shapeshifting  | 3 |  3.2
Fighting       | 2 |  2.3

Action                     |  1- 3 |  4- 6 || total
---------------------------+-------+-------++-------
  Melee: Unarmed           |   104 |    26 ||   130
         Punch             |     1 |       ||     1
   Stab: Sleeping          |     1 |       ||     1
 Armour: Animal skin       |    54 |       ||    54
         Leather armour    |    13 |    26 ||    39
  Dodge: Dodged            |    55 |    21 ||    76

Table legend: (Time is in decaauts)
 A = Elapsed time spent in this place.
 B = Non-inter-level travel time spent in this place.
 C = Inter-level travel time spent in this place.
 D = Time resting spent in this place.
 E = Time spent auto-exploring this place.
 F = Levels seen in this place.
 G = Mean time per level.
                   A        B        C        D        E       F      G
               +--------+--------+--------+--------+--------+-----+--------+
         Total |   2162 |   2061 |    101 |     77 |   1710 |   3 |  720.7 |
       Dungeon |   2162 |   2061 |    101 |     77 |   1710 |   3 |  720.7 |
               +--------+--------+--------+--------+--------+-----+--------+

Top non-repeatable levels by time:
     D:2: 1072 daAuts
     D:1: 746 daAuts
     D:3: 343 daAuts
